 Dungeon Crawl Stone Soup version 0.31.0-11-ge490571c62 (webtiles) character file.

Game seed: 7843892570387750609

13 Arex the Changeling (level 2, 0/31 HPs)
             Began as a Merfolk Shapeshifter on Feb 4, 2024.
             Succumbed to a kobold's poison
             ... on level 1 of the Dungeon.
             The game lasted 00:01:06 (268 turns).

Arex the Changeling (Merfolk Shapeshifter)           Turns: 268, Time: 00:01:07

Health: 0/31       AC: 21    Str: 14    XL:     2   Next: 37%
Magic:  2/2        EV:  2    Int:  9    God:
Gold:   38         SH:  0    Dex: 13    Spells: 1/1 levels left

rFire   . .          .
                       - Unarmed
rCold   . . .        (no shield)
rNeg    . . .        a - melded +0 animal skin
rPois   +            (helmet currently unavailable)
rElec   .            (cloak currently unavailable)
rCorr   .            (gloves currently unavailable)
SInv    .            (boots currently unavailable)
Will    .....        (no amulet)
Stlth   +            (no ring)
HPRegen 0.25/turn    (no ring)
MPRegen 0.08/turn

%: no passive effects
@: lethally poisoned (0 -> -5), tree-form, invisible
A: stationary, stasis, torment immunity, boosted hp, (nimble swimmer 2),
(mertail)
a: no special abilities


You were on level 1 of the Dungeon.
You were a tree.
You visited 1 branch of the dungeon, and saw 1 of its levels.

You collected 38 gold pieces.

Inventory:

Armour
 a - a +0 animal skin (melded)
Talismans
 c - a beast talisman
 d - a flux talisman
Scrolls
 e - a scroll of vulnerability {unknown}
 g - a scroll of teleportation {unknown}


   Skills:
 + Level 1.5 Fighting
 + Level 3.0 Dodging
 + Level 3.5 Unarmed Combat
 + Level 4.2 Shapeshifting


You had one spell level left.
You didn't know any spells.
Your spell library was empty.

Dungeon Overview and Level Annotations

Branches:
Dungeon (1/15) Zot: 5733

Altars:

Shops:
D:1 [


Innate Abilities, Weirdness & Mutations

You are a tree.
Your roots penetrate the ground, keeping you stationary.
You cannot be teleported.
You are immune to unholy pain and torment.
Your maximum health is greatly increased.
Your equipment is partially melded.
((You are very nimble when in or above water. (Stealth+, EV+, Speed+++)))
((Your lower body shifts to a powerful aquatic tail in water.))


Message History

The quokka is almost dead.
The quokka bites you.
You hit the quokka.
You kill the quokka!
You see here a quokka corpse.
Found 18 gold pieces.
A kobold comes into view.
It is wielding a +1 short sword of venom.
The kobold shouts!
You see here a golden potion.
The kobold hits you with a +1 short sword of venom.
You are lethally poisoned!
You barely miss the kobold.
* * * LOW HITPOINT WARNING * * *
You feel very sick.
You hit the kobold.
You kill the kobold!
* * * LOW HITPOINT WARNING * * *
You feel very sick.
Unknown command.
Your transformation has ended.
You turn into a tree.
Your +0 animal skin melds into your body.
Your roots penetrate the ground.
* * * LOW HITPOINT WARNING * * *
You feel sick.
There is a lethal amount of poison in your body!
It was a potion of invisibility.
You fade into invisibility!
* * * LOW HITPOINT WARNING * * *
You feel sick.
There is a lethal amount of poison in your body!
There is a lethal amount of poison in your body!
There is a lethal amount of poison in your body!
Sorry, you're not good enough to have a special ability.
You cannot move.
Unknown command.
There is a lethal amount of poison in your body!
There is a lethal amount of poison in your body!
There is a lethal amount of poison in your body!
You die...

#.# # #.# ..#.# #
#.# # #.#.# #
#.#####.#.#.# #
#.... .#.#)# #
#... ..#.# # #..#
#.#.###### #).#.
#.#.##.... #♣.#.
#......###
#!.#)##
#.#.......
#..#..#
#.########
$.#####..##.# #.#
# ........†##.#
#.#
..######.##.###.#
#.?......#
####.############
###.#####.......


There were no monsters in sight!

Vanquished Creatures
  A ball python (D:1)
  An endoplasm (D:1)
  A giant cockroach (D:1)
  3 jackals (D:1)
  2 kobolds (D:1)
  A quokka (D:1)
  A frilled lizard (D:1)
  A rat (D:1)
11 creatures vanquished.

Notes
Turn   | Place    | Note
-------+----------+-------------------------------------------
     0 | D:1      | Arex the Merfolk Shapeshifter began the quest for the Orb.
     0 | D:1      | Reached XP level 1. HP: 15/15 MP: 1/1
    57 | D:1      | Reached XP level 2. HP: 20/21 MP: 2/2
   167 | D:1      | Found Huepnomn's Armour Emporium.
   267 | D:1      | HP: 1/31 [poisoned by a kobold]
   268 | D:1      | Succumbed to a kobold's poison

Illustrated notes

Levels and vault maps discovered:
D:1:      amcnicky_arrival_blooded_trapdoor, layout_loops_ring, serial_shops,
          shop, minivault_25

Skill      XL: |  1  2 |
---------------+-------+-----
Dodging        | 3 |  3.0
Fighting       | |  1.5
Unarmed Combat | |  3.5
Shapeshifting  | |  4.2

Action                     || total
---------------------------++-------
  Melee: Unarmed           ||    20
         Punch             ||     1
    Use: Potion            ||     2
   Stab: Sleeping          ||     1
 Armour: Animal skin       ||     8
  Dodge: Dodged            ||     7
